 Dungeon Crawl Stone Soup version 0.32-a0-42-ga30500b4d3 (webtiles) character file.

Game seed: 16516827564370164369

2186 lunkers the Merchant of Misery (level 9, 0/53 (57) HPs)
             Began as a Vampire Necromancer on Jan 31, 2024.
             Was a Believer of Kikubaaqudgha.
             Killed from afar by an electric eel (7 damage)
             ... with a bolt of electricity
             ... on level 7 of the Dungeon.
             The game lasted 00:09:17 (6436 turns).

lunkers the Merchant of Misery (VpNe)               Turns: 6436, Time: 00:09:17

HP:   0/53 (57)     AC:  4    Str:  7    XL:     9   Next: 11%
MP:   11/18         EV: 17    Int: 22    God:    Kikubaaqudgha [**....]
Gold: 372           SH:  0    Dex: 14    Spells: 2/20 levels left

rFire   . . .        a - +2 short sword (drain)
rCold   . . .        (no shield)
rNeg    . . .        r - +0 robe
rPois   .            (no helmet)
rElec   .            (no cloak)
rCorr   .            e - +1 pair of gloves
SInv    +            (no boots)
Will    .....        (no amulet)
Stlth   ++           B - +5 ring of evasion
HPRegen 0.48/turn    C - ring of wizardry
MPRegen 0.16/turn

%: wizardry (x1)
@: animating dead, healing quickly, hasted, drained, very quick
A: alive, fangs 3, see invisible, vampiric 2
a: Exsanguinate, Renounce Religion, Unearth Wretches


You were on level 7 of the Dungeon.
You worshipped Kikubaaqudgha.
Kikubaaqudgha was pleased with you.
You visited 2 branches of the dungeon, and saw 8 of its levels.
You also visited: Sewer.

You collected 372 gold pieces.

Inventory:

Hand Weapons
 a - a +2 short sword of draining (weapon)
 c - a +2 short sword of holy wrath
 d - a +0 dagger
 y - a +0 long sword
Armour
 e - a +1 pair of gloves (worn)
 r - a +0 robe (worn)
 t - a +0 pair of gloves
Magical Staves
 i - a staff of conjuration
Jewellery
 x - a ring of fire
 B - a +5 ring of evasion (left hand)
 C - a ring of wizardry (right hand)
Wands
 v - a wand of flame (18)
Scrolls
 f - a scroll of teleportation {unknown}
 h - a scroll of identify
 j - 4 scrolls of fear
 k - a scroll of poison {unknown}
 o - a scroll of enchant armour
 p - a scroll of immolation {unknown}
 q - a scroll of blinking {unknown}
 w - a scroll of acquirement {unknown}
 A - a scroll of silence {unknown}
Potions
 b - a potion of magic
 g - 7 potions of curing
 l - 5 potions of cancellation
 n - 2 potions of mutation
 s - 2 potions of enlightenment
 z - a potion of brilliance


   Skills:
 - Level 4.0 Short Blades
 - Level 2.1 Dodging
 - Level 3.0 Stealth
 + Level 6.3 Spellcasting
 * Level 11.1 Necromancy


You had 2 spell levels left.
You knew the following spells:

 Your Spells              Type           Power      Damage    Failure   Level
a - Necrotise             Necr           100%       1d9       1%          1
b - Vampiric Draining     Necr           54%        2d9       1%          3
c - Animate Dead          Necr           54%        N/A       1%          4
d - Curse of Agony        Necr           54%        N/A       1%          5
e - Cigotuvi's Dreadful   Necr/Alch/Air  46%        N/A       1%          2
f - Fugue of the Fallen   Necr           54%        N/A       1%          3

Your spell library contained the following spells:

 Spells                   Type           Power      Damage    Failure   Level
 Kiss of Death            Conj/Necr      100%       2d13      1%          1
 Apportation              Tloc           12%        N/A       3%          1
 Sting                    Conj/Alch      24%        1d4       3%          1
 Summon Small Mammal      Summ           24%        N/A       3%          1
 Jinxbite                 Hex            12%        N/A       6%          2
 Summon Ice Beast         Ice/Summ       6%         N/A       11%         3
 Alistair's Intoxication  Alch           4%         N/A       65%         5
 Summon Mana Viper        Hex/Summ       6%         N/A       65%         5
 Monstrous Menagerie      Summ           3%         N/A       100%        7


Dungeon Overview and Level Annotations

Branches:
Dungeon (7/15)             Temple (1/1) D:5           Sewer (visited)

Altars:
Cheibriados
Dithmenos
Fedhas
Gozag
Hepliaklqana
Kikubaaqudgha
Makhleb
Nemelex Xobeh
Okawaru
Qazlal
Ru
Sif Muna
Trog
Uskayaw
Wu Jian
Yredelemnul

Annotations:
D:4 2 transporters, MrSquiggles's ghost, amateur TeFE


Innate Abilities, Weirdness & Mutations

Your natural rate of healing is accelerated.
You have razor-sharp teeth.
You have supernaturally acute eyesight. (SInv)
You are afflicted with vampirism and can become a bat while bloodless.


Message History

You closely miss the wight. Your bite misses the wight. The wight misses you.
The wight barely misses you.
Casting: Vampiric Draining (safe; 1% risk of failure)
Confirm with . or Enter, or press ? or * to list all spells.
Okay, then.
Casting: Vampiric Draining (safe; 1% risk of failure)
Confirm with . or Enter, or press ? or * to list all spells.
You call upon the dead to rise.
The wight misses you. The wight hits you with a +0 flail!
* * * LOW HITPOINT WARNING * * *
You feel drained.
* * * LOW HITPOINT WARNING * * *
You closely miss the wight. The wight closely misses you.
Unknown command.
As you read the scroll labelled UTUYME INTI, it crumbles to dust.
You assume a fearsome visage.
The wight is unaffected. x3
The orc looks frightened!
It was a scroll of fear.
The wight misses you. The wight completely misses you.
As you read the scroll labelled VIATWI ZAFIWAG, it crumbles to dust.
It is a scroll of enchant armour.
Your +0 pair of gloves glows green for a moment.
The wight hits you with a +0 flail.
* * * LOW HITPOINT WARNING * * *
You feel drained. The wight closely misses you.
Okay, then.
You feel yourself speed up. The wight closely misses you. x2
Unknown command.
The wight attacks as it pursues you! The wight closely misses you.
An orc wizard comes into view. It is wielding a +0 dagger.
An orc priest comes into view. It is wielding a +0 hand axe.
The orc priest moves out of view.
An electric eel comes into view.
Found a stone staircase leading down.
The electric eel shoots out a bolt of lightning at you!
The bolt of electricity hits the plant!
The plant begins to die.
The bolt of electricity hits you!
* * * LOW HITPOINT WARNING * * *
The bolt of electricity hits you!
You die...
Kikubaaqudgha rasps: "You have failed me!
Welcome... death!"

##### ### ..... .>#
..... ###.# .... #.#.#
.#.# ###.#.# ## +#.# #.
#...#.##...# ...#
#.##....@.~~~.# ...##.
.#......#.P..~~#
_..+....#.##.#.#..S.~.#
...##...#.##.#.#........
...##...#......#.##.#.##
+#.##...#..............#
.##........#.###.#..#.##
).~.....#.z#...#... .#
)$z)....#..###.# ..


You could see an electric eel.

Vanquished Creatures
  2 water moccasins (D:6)
  3 sky beasts
  2 black bears
  An ogre (D:7)
  A phantom (D:3)
  3 kobold brigands
  A bullfrog (D:6)
  4 scorpions
  A wight (D:7)
  3 howler monkeys
  A jelly (D:4)
  A crimson imp (D:7)
  2 bombardier beetles
  An orc priest (D:6)
  2 hounds
  2 orc wizards (D:6)
  4 iguanas
  3 gnolls (D:5)
  7 adders
  3 river rats (Sewer)
  3 shadow imps
  4 dart slugs
  2 ribbon worms
  11 orcs
  4 bats
  8 endoplasms
  4 giant cockroaches
  5 goblins
  3 hobgoblins
  3 jackals (Sewer)
  22 kobolds
  3 quokkas
  13 ball pythons
  3 frilled lizards
  A goblin skeleton (D:7)
  2 goblin zombies (D:7)
  A hobgoblin zombie (D:7)
  2 kobold skeletons (D:7)
  A kobold zombie (D:7)
  2 orc skeletons (D:7)
  2 orc zombies (D:7)
  8 rats
154 creatures vanquished.

Vanquished Creatures (collateral kills)
  Natasha (D:3)
  A gnoll (D:5)
  A giant cockroach (D:3)
  A hobgoblin (D:1)
  A ball python (D:3)
  A frilled lizard (D:1)
  2 rats (Sewer)
8 creatures vanquished.

Grand Total: 162 creatures vanquished

Notes
Turn   | Place    | Note
-------+----------+-------------------------------------------
     0 | D:1      | lunkers the Vampire Necromancer began the quest for the
                  | Orb.
     0 | D:1      | Reached XP level 1. HP: 13/13 MP: 3/3
   154 | D:1      | Reached XP level 2. HP: 19/19 MP: 1/5
   418 | D:1      | Reached skill level 5 in Necromancy
   876 | D:1      | Gained mutation: You are afflicted with vampirism and can
                  | become a bat while bloodless. [Vampire growth]
   876 | D:1      | Reached XP level 3. HP: 24/24 MP: 4/6
  1114 | D:2      | Learned a level 3 spell: Vampiric Draining
  1173 | D:2      | Found a bloodstained altar of Trog.
  1602 | D:2      | Reached XP level 4. HP: 30/30 MP: 5/8
  1778 | D:3      | Noticed a phantom
  1903 | D:3      | Reached skill level 6 in Necromancy
  1933 | D:3      | Found a glowing drain.
  1948 | D:3      | Learned a level 4 spell: Animate Dead
  1949 | Sewer    | Entered a sewer
  1965 | Sewer    | Reached XP level 5. HP: 28/35 MP: 2/9
  2343 | D:3      | Killed a phantom
  2344 | D:3      | Reached skill level 1 in Short Blades
  2344 | D:3      | Reached skill level 7 in Necromancy
  2344 | D:3      | Reached XP level 6. HP: 23/41 MP: 11/11
  2681 | D:3      | Noticed Natasha
  2686 | D:3      | Killed Natasha
  3107 | D:4      | Reached XP level 7. HP: 24/46 MP: 2/13
  3390 | D:4      | Reached skill level 8 in Necromancy
  3711 | D:4      | Found an ornate altar of the Wu Jian Council.
  3832 | D:4      | Found a transporter.
  3855 | D:4      | Found a transporter.
  3875 | D:4      | Noticed MrSquiggles's ghost (amateur TeFE)
  4344 | D:5      | Entered Level 5 of the Dungeon
  4540 | D:5      | Found a staircase to the Ecumenical Temple.
  4558 | Temple   | Entered the Ecumenical Temple
  4564 | Temple   | Became a worshipper of Kikubaaqudgha
  4666 | D:5      | Learned a level 5 spell: Curse of Agony
  5192 | D:6      | Reached XP level 8. HP: 47/52 MP: 12/15
  5335 | D:6      | Reached skill level 9 in Necromancy
  5388 | D:6      | Reached skill level 5 in Spellcasting
  5765 | D:6      | Reached skill level 10 in Necromancy
  6268 | D:7      | Reached * piety under Kikubaaqudgha
  6268 | D:7      | Received a gift from Kikubaaqudgha
  6295 | D:7      | Learned a level 2 spell: Cigotuvi's Dreadful Rot
  6299 | D:7      | Learned a level 3 spell: Fugue of the Fallen
  6382 | D:7      | Reached XP level 9. HP: 23/57 MP: 8/18
  6393 | D:7      | Reached skill level 11 in Necromancy
  6400 | D:7      | Reached ** piety under Kikubaaqudgha
  6436 | D:7      | Killed from afar by an electric eel

Illustrated notes

Levels and vault maps discovered:
D:1:      scummos_arrival_simple_fountains, layout_basic
D:2:      layout_basic, basic_altar
D:3:      layout_loops_ring, mainiacjoe_sewer_entry_somewhere_in_here_1,
          glass_columns_a, minmay_box_of_dots, uniq_natasha
D:4:      layout_basic, nzn_wu_jian_contemplation, serial_corexii_hall,
          corexii_hall_statues_u, chequers_hall_statues_wall_a,
          corexii_hall_statues_u, gammafunk_ghost_stat_death
D:5:      layout_loops_ring, minmay_temple_entry_drinking_statues
D:6:      layout_gridville
D:7:      layout_basic, mainiacjoe_overflow_catwalk_spiral,
          nicolae_tso_besieged_by_evil, lemuel_tele_altar, serial_bayou,
          serial_bayou_lagoon_b, serial_bayou_lagoon_a, serial_bayou_pond_d,
          serial_bayou_pond_e, grunt_potential
Temple:   nicolae_temple_x_marks_the_god

Skill      XL: |  1  2  3  4  5  6  7  8  9 |
---------------+----------------------------+-----
Necromancy     | 5 6 7 8 10 11 | 11.1
Spellcasting   | 3 4 6 |  6.3
Short Blades   | 1 2 3 4 |  4.0
Dodging        | |  2.1
Stealth        | |  3.0

Action                     |  1- 3 |  4- 6 |  7- 9 || total
---------------------------+-------+-------+-------++-------
  Melee: Unarmed           |     3 |       |       ||     3
         Dagger            |     2 |    22 |       ||    24
         Bite              |       |     4 |    16 ||    20
         Short sword       |       |    43 |   173 ||   216
         Punch             |       |     1 |       ||     1
   Cast: Necrotise         |    65 |    65 |   102 ||   232
         Vampiric Draining |       |     5 |    13 ||    18
         Fugue of the Fall |       |       |     2 ||     2
         Animate Dead      |       |       |     1 ||     1
    Use: Scroll            |       |       |     8 ||     8
         Potion            |       |       |     1 ||     1
   Stab: Sleeping          |       |     1 |       ||     1
 Armour: Robe              |     7 |    57 |    69 ||   133
  Dodge: Dodged            |    13 |    64 |   144 ||   221

Table legend: (Time is in decaauts)
 A = Elapsed time spent in this place.
 B = Non-inter-level travel time spent in this place.
 C = Inter-level travel time spent in this place.
 D = Time resting spent in this place.
 E = Time spent auto-exploring this place.
 F = Levels seen in this place.
 G = Mean time per level.
                   A        B        C        D        E       F      G
               +--------+--------+--------+--------+--------+-----+--------+
         Total |   6421 |   6266 |    155 |      0 |   5184 |   9 |  713.4 |
       Dungeon |   6090 |   5935 |    155 |      0 |   4938 |   7 |  870.0 |
        Temple |      9 |      9 |      0 |      0 |      0 |   1 |    9.0 |
         Sewer |    321 |    321 |      0 |      0 |    246 |   1 |  321.0 |
               +--------+--------+--------+--------+--------+-----+--------+

Top non-repeatable levels by time:
     D:4: 1258 daAuts
     D:6: 1020 daAuts
     D:3: 962 daAuts
     D:1: 934 daAuts
     D:2: 895 daAuts
     D:5: 821 daAuts
   Sewer: 321 daAuts
     D:7: 197 daAuts
  Temple: 9 daAuts
